 Dungeon Crawl Stone Soup version 0.27.1-3-gb3d3a73c9e (webtiles) character file.

Game seed: 15368049883283710379

4685 TheGamechu the Shield-Bearer (level 10, -4/98 HPs)
             Began as a Troll Fighter on Oct 14, 2021.
             Was a Believer of Makhleb.
             Slain by a seven-headed hydra (6 damage)
             ... on level 9 of the Dungeon.
             The game lasted 00:28:28 (6788 turns).

TheGamechu the Shield-Bearer (Troll Fighter)        Turns: 6788, Time: 00:28:29

Health: -4/98      AC:  7    Str: 28    XL:     10   Next: 21%
Magic:  9/9        EV: 10    Int:  4    God:    Makhleb [**....]
Gold:   678        SH: 13    Dex: 10    Spells: 9/9 levels left

rFire    + . .     SeeInvis +     - Unarmed
rCold    . . .     Faith    .   b - +2 kite shield
rNeg     . . .     Spirit   .   w - +2 robe {rF+}
rPois    +         Reflect  .   (helmet restricted)
rElec    .         Harm     .   a - +0 cloak
rCorr    .         Rampage  .   (gloves unavailable)
Will     .....                  (boots unavailable)
Stlth    +.........             (no amulet)
HPRegen  1.26/turn              p - ring of see invisible
MPRegen  0.11/turn              q - ring of poison resistance

@: mighty, very slightly contaminated, hasted, invisible, very quick
A: large, unfitting armour, claws 3, regeneration 1, shaggy fur 1, tough skin 1
a: Renounce Religion, Minor Destruction


You were on level 9 of the Dungeon.
You worshipped Makhleb.
Makhleb was pleased with you.
You visited 2 branches of the dungeon, and saw 10 of its levels.
You also visited: Sewer and Ossuary.

You collected 678 gold pieces.

Inventory:

Missiles
 d - 206 stones
 l - 11 javelins
 v - 4 boomerangs (quivered)
Armour
 a - a +0 cloak (worn)
 b - a +2 kite shield (worn)
 w - a +2 robe of fire resistance (worn)
Jewellery
 p - a ring of see invisible (left claw)
 q - a ring of poison resistance (right claw)
Wands
 s - a wand of mindburst (27)
Scrolls
 e - 5 scrolls of fear
 h - a scroll of brand weapon
 i - a scroll of enchant armour
 j - a scroll of magic mapping
 k - 2 scrolls of blinking
 u - a scroll of holy word {unknown}
 x - 2 scrolls of identify
Potions
 c - a potion of might
 f - 4 potions of heal wounds
 g - 3 potions of mutation
 m - 2 potions of brilliance
 n - 2 potions of curing
 o - 2 potions of flight
 t - a potion of haste


   Skills:
 + Level 5.6 Fighting
 + Level 5.3 Throwing
 + Level 5.6 Dodging
 * Level 7.8 Shields
 + Level 6.4 Unarmed Combat


You had 9 spell levels left.
You didn't know any spells.
Your spell library contained the following spells:

 Spells                   Type           Power      Damage    Failure   Level
 Animate Skeleton         Necr           0%         N/A       58%         1
 Pain                     Necr           0%         1d4       58%         1
 Sandblast                Erth           0%         2d4       58%         1
 Sting                    Tmut/Pois      0%         1d3       58%         1
 Blink                    Tloc           N/A        N/A       73%         2
 Passwall                 Tmut/Erth      0%         N/A       73%         2
 Poisonous Vapours        Pois/Air       0%         N/A       73%         2
 Inner Flame              Hex/Fire       0%         N/A       91%         3
 Lesser Beckoning         Tloc           0%         N/A       91%         3
 Vampiric Draining        Necr           0%         2d6       91%         3
 Cause Fear               Hex            0%         N/A       100%        4
 Fulminant Prism          Conj/Hex       0%         3d6       100%        4
 Iskenderun's Mystic Bla  Conj/Tloc      0%         2d3       100%        4
 Olgreb's Toxic Radiance  Pois           0%         N/A       100%        4
 Lee's Rapid Deconstruct  Erth           0%         3d5*      100%        5
 Manifold Assault         Tloc           0%         N/A       100%        5
 Discord                  Hex            0%         N/A       100%        8


Dungeon Overview and Level Annotations

Branches:
Dungeon (9/15)             Temple (1/1) D:4           Sewer (visited)
Ossuary (visited)
   Lair: D:8-11         Orc: D:9-12

Altars:
Ashenzari
Dithmenos
Elyvilon
Fedhas
Gozag
Kikubaaqudgha
Makhleb
Nemelex Xobeh
Okawaru
Qazlal
Ru
Sif Muna
Uskayaw
Xom
Yredelemnul

Shops:
D:5 (


Innate Abilities, Weirdness & Mutations

You are too large for most types of armour.
You have claws for hands.
Your natural rate of healing is unusually fast.
You are covered in fur. (AC +1)
You have tough skin. (AC +1)


Message History

The four-headed hydra grows two more!
You scratch the six-headed hydra.
The six-headed hydra is lightly wounded.
The six-headed hydra bites you but does no damage.
The six-headed hydra bites you!
The six-headed hydra completely misses you.
You block the six-headed hydra's attack.
The six-headed hydra bites you! x2
Okay, then.
You don't know any spells.
You feel very mighty all of a sudden.
You block the six-headed hydra's attack. x2
The six-headed hydra closely misses you.
The six-headed hydra bites you. The six-headed hydra bites you!
* * * LOW HITPOINT WARNING * * *
The six-headed hydra bites you!
* * * LOW HITPOINT WARNING * * *
You fade into invisibility!
You block the six-headed hydra's attack.
The six-headed hydra bites you but does no damage.
The six-headed hydra barely misses you. x2
You block the six-headed hydra's attack.
The six-headed hydra bites you!
* * * LOW HITPOINT WARNING * * *
You are very lightly contaminated with residual magic.
You rip one of the six-headed hydra's heads off!
The five-headed hydra grows two more!
You mangle the seven-headed hydra!!
The seven-headed hydra is moderately wounded.
You block the seven-headed hydra's attack. x2
The seven-headed hydra bites you.
* * * LOW HITPOINT WARNING * * *
The seven-headed hydra bites you.
* * * LOW HITPOINT WARNING * * *
The seven-headed hydra barely misses you.
The seven-headed hydra closely misses you. x2
You feel yourself speed up. The seven-headed hydra bites you!
* * * LOW HITPOINT WARNING * * *
The seven-headed hydra misses you. The seven-headed hydra bites you!
* * * LOW HITPOINT WARNING * * *
The seven-headed hydra bites you.
You die...

##.#...##.###
#######.###
#.##.###.#
........>..
#.....##.#
#######.###
##....##.# #.#
#######.###########
#.# #............
..# #..##########
### #..###########
#....D@......#
##.#########.#
###### #.#
#.#####..... #.#
#.......#### ..#
######### ###


You could see a seven-headed hydra.

Vanquished Creatures
  A two-headed ogre (D:9)
  Pikel (D:8)
  A hornet (D:9)
  A vampire (D:5)
  5 yaks (D:9)
  Eustachio (D:4)
  3 water moccasins
  2 sky beasts
  A black bear (D:7)
  2 ice beasts (D:6)
  An ogre (D:5)
  A centaur (D:5)
  A phantom (D:6)
  A bullfrog (D:7)
  2 wyvern skeletons
  4 scorpions
  2 howler monkeys
  2 bullfrog zombies (D:5)
  A centaur zombie (Ossuary)
  A gnoll shaman (D:8)
  2 jellies
  2 human zombies (Ossuary)
  2 orc priests
  A centaur skeleton (D:6)
  4 hounds
  2 bullfrog skeletons (D:6)
  2 iguanas
  A scorpion zombie (D:5)
  3 orc wizards
  2 mummies (Ossuary)
  A howler monkey zombie (D:9)
  3 gnolls (D:8)
  6 adders
  A shadow imp (D:6)
  An ufetubus (D:4)
  An adder skeleton (D:4)
  6 worms
  16 orcs
  2 ball pythons (D:1)
  7 endoplasms
  4 giant cockroaches
  2 gnoll zombies (Ossuary)
  6 goblins
  4 hobgoblins
  10 jackals
  7 kobolds
  3 quokkas (D:6)
  3 bats (D:1)
  3 frilled lizards
  3 hobgoblin zombies (Ossuary)
  7 rats
151 creatures vanquished.

Notes
Turn   | Place    | Note
-------+----------+-------------------------------------------
     0 | D:1      | TheGamechu the Troll Fighter began the quest for the Orb.
     0 | D:1      | Reached XP level 1. HP: 22/22 MP: 0/0
   110 | D:1      | Reached XP level 2. HP: 25/29 MP: 1/1
   563 | D:2      | Reached XP level 3. HP: 36/36 MP: 2/2
  1553 | D:4      | Found a staircase to the Ecumenical Temple.
  1565 | Temple   | Entered the Ecumenical Temple
  1675 | Temple   | Became a worshipper of Makhleb the Destroyer
  1718 | D:4      | Noticed a scorpion
  1726 | D:4      | Killed a scorpion
  1727 | D:4      | Reached skill level 1 in Throwing
  1727 | D:4      | Reached skill level 3 in Shields
  1727 | D:4      | Reached XP level 4. HP: 40/44 MP: 3/3
  1739 | D:4      | Reached XP level 5. HP: 51/53 MP: 4/4
  1748 | D:4      | Noticed Eustachio
  1829 | D:4      | Killed Eustachio
  1830 | D:4      | Reached XP level 6. HP: 12/61 MP: 5/5
  2008 | D:4      | Found a shimmering blue altar of Sif Muna.
  2170 | D:4      | Reached skill level 4 in Shields
  2724 | D:5      | Entered Level 5 of the Dungeon
  2781 | D:5      | Found a sand-covered staircase.
  2789 | Ossuary  | Entered an ossuary
  2820 | Ossuary  | Reached XP level 7. HP: 66/67 MP: 6/6
  2949 | Ossuary  | Reached * piety under Makhleb
  3360 | D:5      | Noticed a vampire
  3389 | D:5      | Killed a vampire
  3390 | D:5      | Reached skill level 5 in Shields
  3390 | D:5      | Reached XP level 8. HP: 51/78 MP: 7/7
  3656 | D:5      | Found Orebatupp's Weapon Shop.
  3874 | D:6      | Found a glowing drain.
  3893 | Sewer    | Entered a sewer
  4436 | D:6      | Reached skill level 5 in Unarmed Combat
  4504 | D:6      | Reached skill level 6 in Shields
  4622 | D:6      | Reached XP level 9. HP: 85/85 MP: 8/8
  4947 | D:7      | Identified the +7 falchion of Mitilengi {drain, Dex+2}
  4970 | D:7      | Found a basalt altar of Yredelemnul.
  4971 | D:7      | Found a sparkling altar of Nemelex Xobeh.
  4972 | D:7      | Found a shimmering altar of Xom.
  5166 | D:7      | Reached ** piety under Makhleb
  5391 | D:7      | Found a sacrificial altar of Ru.
  5495 | D:8      | Noticed Pikel
  5507 | D:8      | Killed Pikel
  5508 | D:8      | Reached skill level 5 in Fighting
  5508 | D:8      | Reached skill level 5 in Dodging
  5713 | D:8      | Found a shadowy altar of Dithmenos.
  6032 | D:8      | Reached skill level 7 in Shields
  6440 | D:9      | Noticed a two-headed ogre
  6447 | D:9      | Killed a two-headed ogre
  6448 | D:9      | Reached skill level 5 in Throwing
  6546 | D:9      | Reached XP level 10. HP: 81/96 MP: 9/9
  6645 | D:9      | Identified the +3 hand axe "Zuddac" {drain, rF+ Str+2}
  6768 | D:9      | Noticed a four-headed hydra
  6788 | D:9      | HP: 2/98 [seven-headed hydra (9)]
  6788 | D:9      | Slain by a seven-headed hydra

Illustrated notes

Levels and vault maps discovered:
D:1:      dpeg_arrival_pond, layout_rooms, chequers_arboretum,
          minmay_tetromino_t4
D:2:      layout_rooms
D:3:      layout_basic
D:4:      layout_loops_corners, mainiacjoe_overflow_boulevard, temple_pool_b,
          st_stairs_1, minmay_misc_feat_diagonals, chequers_decorated_corner,
          nrook_loot_triangle, uniq_eustachio
D:5:      kennysheep_big_flooded_room, layout_basic, nicolae_ossuary_entry_plus,
          serial_shops, nicolae_take_the_stairs, feat_on_display
D:6:      layout_loops_ring, portal_sewer_entry_f
D:7:      layout_basic, chequers_temple_overflow_statue_of_worship,
          grunt_decor_junction, lemuel_flame_loot_1
D:8:      layout_gridville, lemuel_round_altar, uniq_pikel
D:9:      layout_loops_ring, minitemple
Temple:   kb_temple_of_zot

Skill      XL: |  1  2  3  4  5  6  7  8  9 |
---------------+----------------------------+-----
Throwing       | 1 2 3 4 5 |  5.3
Shields        | 3 4 5 6 7 |  7.8
Fighting       | 3 4 5 |  5.6
Dodging        | 3 4 5 |  5.6
Unarmed Combat | 3 4 5 6 |  6.4

Action                   |  1- 3 |  4- 6 |  7- 9 | 10-12 || total
-------------------------+-------+-------+-------+-------++-------
Melee: Unarmed           |   137 |    95 |   332 |    35 ||   599
Throw: Stone             |    10 |     7 |       |       ||    17
       Javelin           |     2 |    11 |     8 |       ||    21
       Boomerang         |       |       |       |     4 ||     4
Evoke: Wand              |       |       |     3 |       ||     3
  Use: Scroll            |     7 |     3 |    11 |       ||    21
       Potion            |       |     2 |     5 |     3 ||    10
 Stab: Sleeping          |     2 |       |       |       ||     2
Armor: Robe              |    50 |    59 |    47 |    11 ||   167
Dodge: Dodged            |    55 |    65 |    87 |    14 ||   221
Block: Kite shield       |    71 |    89 |   176 |    20 ||   356
